[ AOE2 MATCH · #495888267 ]
UnrankedGeorgians vs Franks
Player's team · WIN
Rival team · LOSS
[ REPLAY ANALYSIS · EXTRACTED FROM THE RECORDED GAME ]
Feudal
8:01
Castle
20:04
Imperial
34:39
| APM avg | 78.5 |
| APM peak | 135 |
| eAPM avg | 30.0 |
| Villagers / military | 163 / 130 |
Focus
⚔️ 41.7% · 🌾 58.3%
Cavalry Archer ×74 · Monaspa ×39 · Scout Cavalry ×7 · Monk ×3 · Knight ×3 · Trebuchet (Packed) ×2
Feudal
8:29
Castle
20:49
Imperial
35:54
| APM avg | 55.6 |
| APM peak | 95 |
| eAPM avg | 30.9 |
| Villagers / military | 96 / 127 |
Focus
⚔️ 57.0% · 🌾 43.0%
Knight ×41 · Scout Cavalry ×41 · Skirmisher ×38 · Spearman ×4 · Trebuchet (Packed) ×2 · Monk ×1
Match map
Initial resources + every placement click. Lines = walls · curves = elevation contours. ◆ gold · ⬟ stone · ● berries · ✦ relic · ◌ wall gap
Your base· ✓ Closed at 20:04 · 36t walls · no gate
Sheep Farm's base· ✓ Closed at 20:49 · 34t walls · no gate
Smoothed initial terrain · ◌ = detected wall gap · hover for details
Inputs per minute
— Augustus Bombastus von Hohenheim - - Sheep Farm
Build order — Augustus Bombastus von Hohenheim
First 150 of 451 actions detected
| 0:00 | Queue | Villager (Male) |
| 0:01 | Queue | Villager (Male) |
| 0:02 | Build | House |
| 0:02 | Build | House |
| 0:05 | Queue | Villager (Male) |
| 0:08 | Queue | Villager (Male) |
| 1:33 | Queue | Villager (Male) |
| 1:49 | Queue | Villager (Male) |
| 1:49 | Queue | Villager (Male) |
| 1:49 | Queue | Villager (Male) |
| 2:15 | Queue | Villager (Male) |
| 2:15 | Queue | Villager (Male) |
| 2:45 | Build | House |
| 2:50 | Queue | Villager (Male) |
| 2:51 | Queue | Villager (Male) |
| 3:12 | Queue | Villager (Male) |
| 3:12 | Queue | Villager (Male) |
| 3:15 | Build | Mill |
| 3:32 | Queue | Villager (Male) |
| 3:32 | Queue | Villager (Male) |
| 4:15 | Queue | Villager (Male) |
| 4:32 | Queue | Villager (Male) |
| 4:33 | Research | Loom |
| 5:43 | Research | Feudal Age |
| 7:08 | Build | Barracks |
| 7:10 | Build | House |
| 7:27 | Queue | Villager (Male) |
| 8:01 | Age | Feudal Age |
| 8:06 | Build | Stable |
| 8:12 | Queue | Spearman |
| 8:15 | Queue | Villager (Male) |
| 8:44 | Research | Double-Bit Axe |
| 8:44 | Research | Double-Bit Axe |
| 8:45 | Queue | Villager (Male) |
| 8:49 | Build | House |
| 8:54 | Queue | Scout Cavalry |
| 8:54 | Queue | Scout Cavalry |
| 9:22 | Queue | Villager (Male) |
| 9:22 | Queue | Villager (Male) |
| 9:26 | Build | Farm |
| 9:39 | Build | Palisade Wall |
| 9:42 | Build | Palisade Wall |
| 9:48 | Queue | Villager (Male) |
| 9:53 | Build | Palisade Wall |
| 9:58 | Build | Farm |
| 10:03 | Queue | Villager (Male) |
| 10:08 | Queue | Villager (Male) |
| 10:19 | Research | Horse Collar |
| 10:19 | Research | Horse Collar |
| 10:21 | Queue | Villager (Male) |
| 10:42 | Queue | Villager (Male) |
| 11:02 | Build | Farm |
| 11:08 | Build | House |
| 11:13 | Queue | Villager (Male) |
| 11:19 | Build | Palisade Wall |
| 11:23 | Queue | Villager (Male) |
| 11:27 | Build | Palisade Wall |
| 11:30 | Build | House |
| 11:34 | Queue | Villager (Male) |
| 11:42 | Queue | Scout Cavalry |
| 11:43 | Queue | Scout Cavalry |
| 11:55 | Queue | Scout Cavalry |
| 12:00 | Build | Farm |
| 12:16 | Build | Farm |
| 12:31 | Queue | Villager (Male) |
| 12:33 | Build | Farm |
| 12:49 | Queue | Villager (Male) |
| 12:51 | Build | Farm |
| 12:56 | Build | House |
| 13:05 | Queue | Villager (Male) |
| 13:07 | Build | Farm |
| 13:32 | Queue | Villager (Male) |
| 13:34 | Build | Farm |
| 13:37 | Build | House |
| 13:43 | Queue | Scout Cavalry |
| 13:43 | Queue | Scout Cavalry |
| 13:48 | Queue | Villager (Male) |
| 13:58 | Queue | Villager (Male) |
| 14:02 | Build | Farm |
| 14:03 | Build | Farm |
| 14:07 | Build | House |
| 14:39 | Research | Wheelbarrow |
| 14:39 | Research | Wheelbarrow |
| 14:59 | Build | Blacksmith |
| 15:13 | Build | Farm |
| 15:13 | Build | Farm |
| 15:28 | Build | Farm |
| 15:48 | Build | Farm |
| 16:16 | Build | Mule Cart |
| 16:30 | Queue | Villager (Male) |
| 17:03 | Build | Mule Cart |
| 17:24 | Research | Castle Age |
| 17:40 | Build | Archery Range |
| 17:47 | Build | House |
| 17:49 | Build | Archery Range |
| 18:17 | Build | Archery Range |
| 18:31 | Research | Fletching |
| 18:31 | Research | Fletching |
| 18:42 | Queue | Archer |
| 19:07 | Research | Bloodlines |
| 19:08 | Research | Bloodlines |
| 19:10 | Queue | Villager (Male) |
| 20:04 | Age | Castle Age |
| 20:06 | Queue | Villager (Male) |
| 20:10 | Build | Town Center |
| 20:19 | Build | Monastery |
| 20:27 | Research | Husbandry |
| 20:27 | Research | Husbandry |
| 20:33 | Research | Town Watch |
| 20:34 | Research | Bow Saw |
| 20:34 | Research | Bow Saw |
| 20:35 | Queue | Cavalry Archer |
| 20:35 | Queue | Cavalry Archer |
| 20:41 | Queue | Villager (Male) |
| 20:43 | Build | Farm |
| 21:03 | Queue | Cavalry Archer |
| 21:03 | Queue | Cavalry Archer |
| 21:06 | Queue | Villager (Male) |
| 21:10 | Queue | Monk |
| 21:17 | Queue | Cavalry Archer |
| 21:17 | Queue | Cavalry Archer |
| 21:24 | Queue | Villager (Male) |
| 21:38 | Queue | Cavalry Archer |
| 21:39 | Queue | Cavalry Archer |
| 21:42 | Queue | Villager (Male) |
| 21:42 | Queue | Villager (Male) |
| 21:58 | Build | Palisade Gate |
| 22:02 | Queue | Villager (Male) |
| 22:04 | Queue | Villager (Male) |
| 22:10 | Queue | Villager (Male) |
| 22:17 | Queue | Villager (Male) |
| 22:17 | Queue | Villager (Male) |
| 22:35 | Queue | Villager (Male) |
| 22:42 | Queue | Villager (Male) |
| 22:47 | Queue | Monk |
| 22:57 | Queue | Villager (Male) |
| 23:18 | Queue | Villager (Male) |
| 23:27 | Queue | Villager (Male) |
| 23:33 | Build | Town Center |
| 23:41 | Queue | Villager (Male) |
| 23:41 | Queue | Villager (Male) |
| 23:43 | Build | House |
| 23:43 | Build | House |
| 23:49 | Build | House |
| 23:57 | Build | Farm |
| 24:01 | Research | Heavy Plow |
| 24:01 | Research | Heavy Plow |
| 24:06 | Build | House |
| 24:11 | Research | Light Cavalry (upgrade) |
| 24:12 | Research | Light Cavalry (upgrade) |
Build order — Sheep Farm
First 150 of 382 actions detected
| 0:00 | Queue | Villager (Male) |
| 0:00 | Queue | Villager (Male) |
| 0:01 | Queue | Villager (Male) |
| 0:02 | Build | House |
| 0:03 | Build | House |
| 0:34 | Queue | Villager (Male) |
| 0:34 | Queue | Villager (Male) |
| 1:39 | Queue | Villager (Male) |
| 1:46 | Queue | Villager (Male) |
| 2:10 | Build | Lumber Camp |
| 2:17 | Queue | Villager (Male) |
| 2:59 | Queue | Villager (Male) |
| 2:59 | Queue | Villager (Male) |
| 2:59 | Queue | Villager (Male) |
| 3:00 | Queue | Villager (Male) |
| 3:45 | Queue | Villager (Male) |
| 3:53 | Build | House |
| 4:03 | Queue | Villager (Male) |
| 4:23 | Queue | Villager (Male) |
| 4:23 | Queue | Villager (Male) |
| 4:49 | Build | Mill |
| 5:49 | Research | Loom |
| 6:14 | Research | Feudal Age |
| 7:17 | Build | Barracks |
| 7:50 | Queue | Villager (Male) |
| 7:50 | Queue | Villager (Male) |
| 8:12 | Build | House |
| 8:29 | Age | Feudal Age |
| 8:34 | Build | Stable |
| 8:36 | Queue | Spearman |
| 8:58 | Research | Double-Bit Axe |
| 9:07 | Queue | Villager (Male) |
| 9:19 | Queue | Scout Cavalry |
| 9:21 | Queue | Villager (Male) |
| 9:24 | Build | House |
| 9:30 | Queue | Villager (Male) |
| 9:34 | Build | Farm |
| 9:44 | Queue | Scout Cavalry |
| 9:45 | Queue | Villager (Male) |
| 9:52 | Build | Palisade Wall |
| 9:53 | Build | House |
| 10:01 | Build | Farm |
| 10:09 | Queue | Spearman |
| 10:17 | Build | Palisade Wall |
| 10:19 | Build | Palisade Wall |
| 10:22 | Queue | Villager (Male) |
| 10:30 | Queue | Scout Cavalry |
| 11:08 | Build | Palisade Wall |
| 11:09 | Build | Palisade Wall |
| 11:13 | Queue | Scout Cavalry |
| 11:15 | Queue | Villager (Male) |
| 11:20 | Build | Farm |
| 11:21 | Build | Farm |
| 11:24 | Build | Farm |
| 11:25 | Queue | Villager (Male) |
| 11:37 | Build | House |
| 11:40 | Build | Palisade Wall |
| 11:45 | Queue | Villager (Male) |
| 12:02 | Queue | Scout Cavalry |
| 12:05 | Build | House |
| 12:28 | Queue | Villager (Male) |
| 12:30 | Build | Farm |
| 12:32 | Build | Farm |
| 12:43 | Build | Farm |
| 13:05 | Queue | Villager (Male) |
| 13:10 | Build | House |
| 13:31 | Queue | Villager (Male) |
| 13:36 | Build | Blacksmith |
| 13:41 | Build | Palisade Wall |
| 13:50 | Queue | Scout Cavalry |
| 13:56 | Build | Mining Camp |
| 13:57 | Queue | Villager (Male) |
| 14:12 | Queue | Villager (Male) |
| 14:25 | Queue | Villager (Male) |
| 14:29 | Build | House |
| 14:32 | Build | Palisade Wall |
| 14:55 | Research | Wheelbarrow |
| 14:57 | Build | Farm |
| 14:59 | Build | Farm |
| 15:13 | Queue | Scout Cavalry |
| 15:20 | Build | Farm |
| 15:25 | Queue | Spearman |
| 15:32 | Queue | Villager (Male) |
| 15:50 | Build | Lumber Camp |
| 15:51 | Queue | Villager (Male) |
| 15:55 | Research | Forging |
| 16:03 | Build | House |
| 16:21 | Build | Farm |
| 16:24 | Build | Farm |
| 16:40 | Build | Farm |
| 17:14 | Queue | Villager (Male) |
| 17:16 | Queue | Spearman |
| 17:19 | Build | Farm |
| 17:21 | Build | Farm |
| 17:38 | Queue | Villager (Male) |
| 18:09 | Research | Castle Age |
| 18:10 | Research | Castle Age |
| 18:16 | Build | Archery Range |
| 18:18 | Build | Lumber Camp |
| 19:15 | Build | Archery Range |
| 19:18 | Queue | Skirmisher |
| 19:39 | Research | Fletching |
| 19:39 | Research | Padded Archer Armor |
| 20:19 | Queue | Skirmisher |
| 20:20 | Queue | Skirmisher |
| 20:27 | Build | House |
| 20:40 | Build | House |
| 20:43 | Build | House |
| 20:44 | Build | House |
| 20:45 | Build | House |
| 20:49 | Age | Castle Age |
| 20:52 | Research | Elite Skirmisher (upgrade) |
| 20:53 | Research | Bodkin Arrow |
| 20:57 | Build | University |
| 21:00 | Research | Bow Saw |
| 21:01 | Queue | Villager (Male) |
| 21:05 | Research | Husbandry |
| 21:21 | Queue | Skirmisher |
| 21:21 | Queue | Skirmisher |
| 21:23 | Queue | Villager (Male) |
| 21:53 | Queue | Villager (Male) |
| 21:54 | Queue | Skirmisher |
| 21:54 | Queue | Skirmisher |
| 21:55 | Queue | Villager (Male) |
| 22:03 | Research | Ballistics |
| 22:04 | Queue | Villager (Male) |
| 22:06 | Build | House |
| 22:09 | Build | House |
| 22:12 | Build | Farm |
| 22:13 | Queue | Villager (Male) |
| 22:14 | Queue | Villager (Male) |
| 22:29 | Queue | Skirmisher |
| 22:29 | Queue | Skirmisher |
| 22:31 | Queue | Villager (Male) |
| 23:03 | Research | Light Cavalry (upgrade) |
| 23:22 | Queue | Skirmisher |
| 23:22 | Queue | Skirmisher |
| 23:22 | Queue | Skirmisher |
| 23:33 | Build | Farm |
| 23:33 | Build | Farm |
| 23:34 | Build | Farm |
| 23:39 | Build | Town Center |
| 23:47 | Queue | Skirmisher |
| 23:47 | Queue | Skirmisher |
| 23:47 | Queue | Skirmisher |
| 23:53 | Queue | Villager (Male) |
| 23:57 | Research | Town Watch |
| 24:06 | Queue | Skirmisher |
| 24:09 | Build | Farm |
| 24:12 | Build | Farm |
Match timeline
| 7:08 | Augustus Bombastus von Hohenheim · first_building Barracks |
| 7:17 | Sheep Farm · first_building Barracks |
| 8:01 | Augustus Bombastus von Hohenheim · age_up feudal |
| 8:06 | Augustus Bombastus von Hohenheim · first_building Stable |
| 8:29 | Sheep Farm · age_up feudal |
| 8:34 | Sheep Farm · first_building Stable |
| 9:39 | Augustus Bombastus von Hohenheim · wall_segment Palisade Wall x3 |
| 9:42 | Augustus Bombastus von Hohenheim · wall_segment Palisade Wall x15 |
| 9:52 | Sheep Farm · wall_segment Palisade Wall x1 |
| 9:53 | Augustus Bombastus von Hohenheim · wall_segment Palisade Wall x10 |
| 10:17 | Sheep Farm · wall_segment Palisade Wall x1 |
| 10:19 | Sheep Farm · wall_segment Palisade Wall x3 |
| 11:08 | Sheep Farm · wall_segment Palisade Wall x1 |
| 11:09 | Sheep Farm · wall_segment Palisade Wall x4 |
| 11:19 | Augustus Bombastus von Hohenheim · wall_segment Palisade Wall x1 |
| 11:27 | Augustus Bombastus von Hohenheim · wall_segment Palisade Wall x8 |
| 11:40 | Sheep Farm · wall_segment Palisade Wall x8 |
| 13:41 | Sheep Farm · wall_segment Palisade Wall x9 |
| 14:32 | Sheep Farm · wall_segment Palisade Wall x7 |
| 17:40 | Augustus Bombastus von Hohenheim · first_building Archery Range |
| 18:16 | Sheep Farm · first_building Archery Range |
| 20:04 | Augustus Bombastus von Hohenheim · age_up castle |
| 20:19 | Augustus Bombastus von Hohenheim · first_building Monastery |
| 20:49 | Sheep Farm · age_up castle |
| 27:45 | Sheep Farm · first_building Monastery |
| 29:43 | Augustus Bombastus von Hohenheim · first_market_buy 100 stone |
| 29:53 | Augustus Bombastus von Hohenheim · first_building Castle |
| 30:26 | Augustus Bombastus von Hohenheim · first_market_sell 500 wood |
| 31:17 | Augustus Bombastus von Hohenheim · wall_segment Stone Wall x4 |
| 33:00 | Sheep Farm · first_building Castle |
| 34:39 | Augustus Bombastus von Hohenheim · age_up imperial |
| 35:54 | Sheep Farm · age_up imperial |
| 36:51 | Sheep Farm · first_market_sell 100 stone |
| 40:38 | Sheep Farm · first_building Siege Workshop |
| 41:46 | Sheep Farm · resign |
[ AI ANALYSIS · 1 CREDIT ]
What really happened in this match?
Wolo.gg analyzes every decision: build order, eco, micro, common mistakes by bracket. Personalized analysis on WhatsApp or Discord in 30 seconds.
Civ guide
Georgians
Perfil
Jugador #25196612